 Dungeon Crawl Stone Soup version 0.29-a0-925-g0a7a3d12f8 (webtiles) character file.

Game seed: 9554152345180298731

4 Snarg the Vexing (level 1, 7/15 HPs)
             Began as a Barachi Arcane Marksman on July 29, 2022.
             Was a Follower of Dithmenos.
             Quit the game on level 1 of the Dungeon.
             The game lasted 00:00:52 (139 turns).

Snarg the Vexing (Barachi Arcane Marksman)           Turns: 139, Time: 00:00:53

Health: 7/15       AC:  2    Str: 11    XL:     1   Next: 70%
Magic:  2/2        EV: 12    Int: 13    God:    Dithmenos [*.....]
Gold:   0          SH:  5    Dex: 12    Spells: 1/2 levels left

rFire   . . .      SeeInvis .   a - +1 sling
rCold   . . .      Faith    .   (no shield)
rNeg    . . .      Spirit   .   c - +0 robe
rPois   .          Reflect  +   (no helmet)
rElec   .          Harm     .   (no cloak)
rCorr   .          Rampage  .   (no gloves)
Will    .....                   (no boots)
Stlth   +.........              e - amulet of reflection
HPRegen 0.05/turn               (no ring)
MPRegen 0.08/turn               (no ring)

@: wreathed by umbra, slow
A: amphibious, slowness 1, strong legs 1, +LOS
a: Hop, Renounce Religion


You were on level 1 of the Dungeon.
You worshipped Dithmenos.
Dithmenos was aware of your devotion.
You visited 1 branch of the dungeon, and saw 1 of its levels.

Inventory:

Hand Weapons
 a - a +1 sling (weapon)
Armour
 c - a +0 robe (worn)
Jewellery
 e - an amulet of reflection (around neck)
Scrolls
 b - a scroll of vulnerability
 d - a scroll of teleportation {unknown}
Potions
 f - a potion of might {unknown}
 g - 2 potions of flight {unknown}


   Skills:
 + Level 1.2 Fighting
 + Level 2.0 Ranged Weapons
 + Level 2.1 Dodging
 + Level 1.1 Spellcasting
 + Level 3.7 Hexes


You had one spell level left.
You knew the following spells:

 Your Spells              Type           Power      Damage    Failure   Level
a - Slow                  Hex            40%        N/A       6%          1

Your spell library contained the following spells:

 Spells                   Type           Power      Damage    Failure   Level
 Inner Flame              Hex/Fire       5%         N/A       36%         3
 Portal Projectile        Hex/Tloc       10%        N/A       36%         3
 Cause Fear               Hex            5%         N/A       52%         4


Dungeon Overview and Level Annotations

Branches:
Dungeon (1/15)

Altars:
Dithmenos


Innate Abilities, Weirdness & Mutations

You are amphibious.
You cover ground slowly.
You can hop short distances.
You have an extended range of vision and can be seen from far away.


Message History

The hobgoblin hits you.
You barely miss the hobgoblin.
The hobgoblin is severely wounded.
The hobgoblin hits you.
You closely miss the hobgoblin.
The hobgoblin is severely wounded.
The hobgoblin barely misses you.
You hit the hobgoblin.
You kill the hobgoblin!
Dithmenos accepts your kill.
a - a +1 sling (weapon)
A hobgoblin comes into view. It is wielding a +0 whip.
A quokka comes into view.
Found a stone staircase leading down.
Okay, then.
Unknown command.
You shoot a sling bullet. The sling bullet hits the quokka.
The quokka is heavily wounded.
A jackal comes into view.
The jackal barks!
A jackal comes into view.
You shoot a sling bullet.
The sling bullet closely misses the quokka.
The sling bullet hits the hobgoblin!
You kill the hobgoblin!
Dithmenos accepts your kill. The quokka closely misses you.
The quokka bites you.
You shoot a sling bullet.
The sling bullet barely misses the quokka.
The sling bullet hits the jackal.
The jackal is almost dead.
The quokka completely misses you.
You shoot a sling bullet.
The sling bullet hits the quokka but does no damage.
The quokka is heavily wounded.
The quokka bites you. You block the quokka's attack.
You are too injured to fight recklessly!
You are too injured to fight recklessly!
You are too injured to fight recklessly!
Are you sure you want to abandon this character and quit the game? (Confirm with "yes".)

#.#.# ######### .....
#........ #.#.# ###
#.####### #.#.# #.. #.#
#.#.# #.# ####.# #.#.#
#.# #....# #######>#.#
#.# #.####
......).#.####.#######.#
.......!.....)hr@......#
.#######################


You could see a quokka and a jackal.

Vanquished Creatures
  An endoplasm (D:1)
  2 hobgoblins (D:1)
  A frilled lizard (D:1)
4 creatures vanquished.

Notes
Turn   | Place    | Note
-------+----------+-------------------------------------------
     0 | D:1      | Snarg the Barachi Arcane Marksman began the quest for the
                  | Orb.
     0 | D:1      | Reached XP level 1. HP: 15/15 MP: 2/2
    59 | D:1      | Found a faded altar of an unknown god.
    63 | D:1      | Prayed at the altar of an unknown god.
    63 | D:1      | Became a worshipper of Dithmenos the Shadowed
    63 | D:1      | Reached * piety under Dithmenos
   139 | D:1      | Quit the game

Illustrated notes

Levels and vault maps discovered:
D:1:      tarquinn_simple_flora_water_f, layout_loops_ring,
          ebering_ecumenical_altar_rust, minmay_misc_feat_five

Action                   || total
-------------------------++-------
Melee: Unarmed           ||     4
 Fire: Sling             ||    13
Armor: Robe              ||     1
Dodge: Dodged            ||     3
Block: Other             ||     1

Table legend: (Time is in decaauts)
 A = Elapsed time spent in this place.
 B = Non-inter-level travel time spent in this place.
 C = Inter-level travel time spent in this place.
 D = Time resting spent in this place.
 E = Time spent auto-exploring this place.
 F = Levels seen in this place.
 G = Mean time per level.
                   A        B        C        D        E       F      G
               +--------+--------+--------+--------+--------+-----+--------+
         Total |    163 |    163 |      0 |      0 |    104 |   1 |  163.0 |
       Dungeon |    163 |    163 |      0 |      0 |    104 |   1 |  163.0 |
               +--------+--------+--------+--------+--------+-----+--------+

Top non-repeatable levels by time:
     D:1: 163 daAuts
